AoeStats
← ZSeagull

MegaRandom

504674019Analyzed
2v2 RM · 26d ago on Sep 6, 2026· 48m 6s· 4 players
Game mode
Random Map
Map size
Medium (4 player)
Population
200
Speed
Normal
Resources
Standard
Victory
Conquest
Starting age
Dark Age
Ending age
Imperial Age
RankedLock teamsTeams togetherTeam positionsShared explorationLock speedFull tech treeHidden civsTurbo modeCheats
Victory
Defeat
🇷🇺 Khmer · Russia
1430
+17
🇯🇵 Britons · Japan
1402
+19
🇳🇿 Georgians · New Zealand
1461
-18
🇦🇺 Mapuche · Australia
1461
-18
ken4403
5:48 Loom
9:07 Feudal Age
12:06 Fletching
16:25 Double-Bit Axe
21:42 Castle Age
20:26 Horse Collar
20:47 Padded Archer Armor
20:39 Gold Mining
21:47 Crossbowman
22:24 Bodkin Arrow
30:54 Bow Saw
32:40 Ballistics
37:44 Imperial Age
35:43 Pikeman
37:24 Gold Shaft Mining
37:23 Town Watch
37:49 Arbalester
39:05 Bracer
40:43 Chemistry
42:46 Conscription
42:48 Yeomen
42:01 Halberdier
43:50 Wheelbarrow
44:26 Scale Mail Armor
44:37 Forging
44:55 Squires
45:46 Coinage
YuriiVegas
6:18 Loom
8:51 Feudal Age
9:37 Double-Bit Axe
13:57 Horse Collar
17:15 Scale Barding Armor
18:18 Gold Mining
19:41 Forging
20:16 Bloodlines
20:42 Town Watch
24:31 Castle Age
22:49 Fletching
25:21 Wheelbarrow
24:35 Light Cavalry
25:16 Husbandry
25:32 Bow Saw
26:05 Chain Barding Armor
26:53 Heavy Plow
26:51 Elite Skirmisher
29:30 Iron Casting
30:06 Bodkin Arrow
32:28 Padded Archer Armor
36:07 Ballistics
37:04 Stone Mining
37:41 Hand Cart
40:04 Gold Shaft Mining
45:07 Imperial Age
43:33 Town Patrol
44:27 Tusk Swords
45:24 Elite Battle Elephant
47:35 Plate Barding Armor
ZSeagull
5:36 Loom
9:13 Feudal Age
10:58 Double-Bit Axe
13:29 Horse Collar
20:54 Wheelbarrow
25:45 Castle Age
33:59 Scale Barding Armor
36:04 Chain Barding Armor
38:06 Bloodlines
40:19 Forging
40:21 Husbandry
45:43 Imperial Age
44:35 Hand Cart
47:05 Plate Barding Armor
47:07 Iron Casting
gygciu
7:00 Loom
9:37 Feudal Age
9:49 Champi Runner
10:29 Horse Collar
13:03 Double-Bit Axe
12:59 Horse Collar
19:14 Castle Age
17:09 Fletching
19:01 Padded Archer Armor
19:49 Bodkin Arrow
25:39 Malon
32:02 Forging
39:05 Elite Skirmisher
39:07 Crossbowman
40:02 Leather Archer Armor
44:01 Wheelbarrow
Connection lost

Rejoining the realm…

Still unreachable

The connection could not be restored.

Session expired

The server has moved on; the page needs a fresh start.